TOP OF THE 1ST |
Casper Ghosts batting - Pitching for Bismark Border Guards : RHP Jeff Alexander
|
Pitching: RHP Jeff Alexander
|
|
Batting: SHB Ricardo Arévalo
|
0-0: Ball 1-0: Ball 2-0: Ball 3-0: Called Strike 3-1: Swinging Strike 3-2: Base on Balls
|
Batting: RHB Júlio Sánchez
|
0-0: Foul Ball, location: 2F 0-1: Fly out, F7 (Flyball, 78M)
|
Batting: SHB Dave Henley
|
0-0: SINGLE (Groundball, 4D) Ricardo Arévalo to second Runner from 2nd tries for 3rd, SAFE, no throw
|
Batting: RHB Juan García
|
0-0: Called Strike 0-1: Called Strike 0-2: Ball 1-2: Foul Ball, location: 2F Pickoff Throw to First - Out! 1-2: Ball 2-2: SINGLE (Flyball, 8LS) Ricardo Arévalo scores
|
Batting: LHB Jeff Forsyth
|
0-0: Ball 1-0: Foul Ball, location: 2F 1-1: Ball 2-1: Ball 3-1: 2-RUN HOME RUN (Flyball, 9LD), Distance : 355 ft
|
Batting: RHB Troy Reed
|
0-0: Foul Ball, location: 2F 0-1: Ball 1-1: Foul Ball, location: 2F 1-2: Foul Ball, location: 2F 1-2: Ball 2-2: Ball 3-2: Ground out 4-3 (Groundball, 4)
|
Top of the 1st over - 3 run(s), 3 hit(s), 0 error(s), 0 left on base; Casper 3 - Bismark 0 |
BOTTOM OF THE 1ST |
Bismark Border Guards batting - Pitching for Casper Ghosts : RHP Juan Contreras
|
Pitching: RHP Juan Contreras
|
|
Batting: LHB Juan Viera
|
0-0: Reached via error on a dropped throw, E1
|
Batting: LHB Manuel Pérez
|
0-0: Ball 1-0: Swinging Strike 1-1: Ball 2-1: SINGLE (Line Drive, 89S) Juan Viera to second
|
Batting: RHB Jacob Hill
|
0-0: Swinging Strike 0-1: Ball 1-1: Ball 2-1: Ball 3-1: Base on Balls Juan Viera to third Manuel Pérez to second
|
Batting: RHB Enrique Soto
|
0-0: Called Strike 0-1: Grounds into double play, 5-4-3 (Groundball, 56) Juan Viera scores Manuel Pérez to third
|
Batting: SHB Vicente Pagán
|
0-0: Ball 1-0: Foul Ball, location: 2F 1-1: Ball 2-1: Ground out 4-3 (Groundball, 4MS)
|
Bottom of the 1st over - 1 run(s), 1 hit(s), 1 error(s), 1 left on base; Casper 3 - Bismark 1 |
TOP OF THE 2ND |
Casper Ghosts batting - Pitching for Bismark Border Guards : RHP Jeff Alexander
|
Batting: RHB Robert Acosta
|
0-0: Foul Ball, location: 2F 0-1: Ground out 4-3 (Groundball, 4)
|
Batting: RHB Aurelio Cruz
|
0-0: Called Strike 0-1: Foul Ball, location: 2F 0-2: Ball 1-2: Foul Ball, location: 2F 1-2: Strikes out swinging
|
Batting: RHB Hunter Plunket
|
0-0: Ball 1-0: Called Strike 1-1: Ball 2-1: Ball 3-1: Base on Balls
|
Batting: SHB Ricardo Arévalo
|
0-0: Ball 1-0: Swinging Strike 1-1: Ball 2-1: Ball 3-1: Fly out, F7 (Flyball, 7LS)
|
Top of the 2nd over - 0 run(s), 0 hit(s), 0 error(s), 1 left on base; Casper 3 - Bismark 1 |
BOTTOM OF THE 2ND |
Bismark Border Guards batting - Pitching for Casper Ghosts : RHP Juan Contreras
|
Batting: RHB José Vidal
|
0-0: Ball 1-0: Foul Ball, location: 2F 1-1: Foul Ball, location: 2F 1-2: Strikes out swinging
|
Batting: LHB Norbert Mosley
|
0-0: Ball 1-0: Ball 2-0: Ball 3-0: Called Strike 3-1: Foul Ball, location: 2F 3-2: Base on Balls
|
Batting: LHB Darren Cook
|
0-0: Ball 1-0: Called Strike 1-1: Ball 2-1: Called Strike 2-2: Foul Ball, location: 2F 2-2: Ground out 5-3 (Groundball, 56S) Norbert Mosley to second
|
Batting: RHB António Martínez
|
0-0: Ball 1-0: Foul Ball, location: 2F 1-1: Ball 2-1: Ball 3-1: Base on Balls
|
Batting: LHB Juan Viera
|
0-0: Ball 1-0: Swinging Strike 1-1: Called Strike 1-2: Ball 2-2: Strikes out swinging
|
Bottom of the 2nd over - 0 run(s), 0 hit(s), 0 error(s), 2 left on base; Casper 3 - Bismark 1 |
TOP OF THE 3RD |
Casper Ghosts batting - Pitching for Bismark Border Guards : RHP Jeff Alexander
|
Batting: RHB Júlio Sánchez
|
0-0: Swinging Strike 0-1: Ball 1-1: Called Strike 1-2: Foul Ball, location: 2F 1-2: Fly out, F6 (Popup, 56D)
|
Batting: SHB Dave Henley
|
0-0: Ball 1-0: Called Strike 1-1: Ball 2-1: SINGLE (Flyball, 7LS)
|
Batting: RHB Juan García
|
0-0: Ball 1-0: Called Strike 1-1: Ball 2-1: Ball 3-1: Base on Balls Dave Henley to second
|
Batting: LHB Jeff Forsyth
|
0-0: Called Strike 0-1: Hit by Pitch Dave Henley to third Juan García to second
|
Batting: RHB Troy Reed
|
0-0: Called Strike 0-1: Foul Ball, location: 2F 0-2: Ball 1-2: Ball 2-2: Ball 3-2: SINGLE (Line Drive, 7S) Dave Henley scores Juan García to third Jeff Forsyth to second
|
Batting: RHB Robert Acosta
|
0-0: SINGLE (Groundball, 56D) Juan García scores Jeff Forsyth to third Troy Reed to second
|
Batting: RHB Aurelio Cruz
|
0-0: Ball 1-0: Grounds into double play, 5-4-3 (Groundball, 5)
|
Top of the 3rd over - 2 run(s), 3 hit(s), 0 error(s), 2 left on base; Casper 5 - Bismark 1 |
BOTTOM OF THE 3RD |
Bismark Border Guards batting - Pitching for Casper Ghosts : RHP Juan Contreras
|
Batting: LHB Manuel Pérez
|
0-0: Ball 1-0: Swinging Strike 1-1: Ball 2-1: Foul Ball, location: 2F 2-2: Foul Ball, location: 2F 2-2: Strikes out swinging
|
Batting: RHB Jacob Hill
|
0-0: Called Strike 0-1: Foul Ball, location: 2F 0-2: Strikes out swinging
|
Batting: RHB Enrique Soto
|
0-0: Ball 1-0: Ball 2-0: Ball 3-0: Base on Balls
|
Batting: SHB Vicente Pagán
|
0-0: Ball 1-0: Fielders Choice at 2nd, 4-6 (Groundball, 4)
|
Bottom of the 3rd over - 0 run(s), 0 hit(s), 0 error(s), 0 left on base; Casper 5 - Bismark 1 |
TOP OF THE 4TH |
Casper Ghosts batting - Pitching for Bismark Border Guards : RHP Jeff Alexander
|
Batting: RHB Hunter Plunket
|
0-0: Swinging Strike 0-1: Ball 1-1: Called Strike 1-2: Strikes out looking
|
Batting: SHB Ricardo Arévalo
|
0-0: Ball 1-0: Ball 2-0: Called Strike 2-1: Ball 3-1: Base on Balls
|
Batting: RHB Júlio Sánchez
|
0-0: Ball 1-0: Foul Ball, location: 2F 1-1: Foul Ball, location: 2F 1-2: Fly out, F7 (Line Drive, 7)
|
Batting: SHB Dave Henley
|
0-0: Ball 1-0: Fly out, F4 (Line Drive, 4)
|
Top of the 4th over - 0 run(s), 0 hit(s), 0 error(s), 1 left on base; Casper 5 - Bismark 1 |
BOTTOM OF THE 4TH |
Bismark Border Guards batting - Pitching for Casper Ghosts : RHP Juan Contreras
|
Batting: RHB José Vidal
|
0-0: Ball 1-0: Ball 2-0: Ground out 6-3 (Groundball, 6)
|
Batting: LHB Norbert Mosley
|
0-0: Called Strike 0-1: Swinging Strike 0-2: Ball 1-2: Foul Ball, location: 2F 1-2: Ball 2-2: Ball 3-2: Fly out, F8 (Flyball, 8LS)
|
Batting: LHB Darren Cook
|
0-0: Called Strike 0-1: Ball 1-1: Ball 2-1: Swinging Strike 2-2: Foul Ball, location: 2F 2-2: Fly out, F7 (Flyball, 78D)
|
Bottom of the 4th over - 0 run(s), 0 hit(s), 0 error(s), 0 left on base; Casper 5 - Bismark 1 |
TOP OF THE 5TH |
Casper Ghosts batting - Pitching for Bismark Border Guards : RHP Jeff Alexander
|
Batting: RHB Juan García
|
0-0: Ball 1-0: Called Strike 1-1: Called Strike 1-2: Ball 2-2: Ball 3-2: SINGLE (Groundball, 6D)
|
Batting: LHB Jeff Forsyth
|
0-0: Called Strike 0-1: SINGLE (Line Drive, 8LS) Juan García to second
|
Pitching: LHP Bartolomeo Balsamo
|
|
Batting: RHB Troy Reed
|
0-0: Ball 1-0: Ball 2-0: Ball 3-0: Called Strike 3-1: Base on Balls Juan García to third Jeff Forsyth to second
|
Batting: RHB Robert Acosta
|
0-0: Ball 1-0: Fly out, F8 (Flyball, 8LM) Runner from 3rd tags up, OUT at HOME Jeff Forsyth to third Troy Reed to second
|
Batting: RHB Aurelio Cruz
|
0-0: Ground out 5-3 (Groundball, 56)
|
Top of the 5th over - 0 run(s), 2 hit(s), 0 error(s), 2 left on base; Casper 5 - Bismark 1 |
BOTTOM OF THE 5TH |
Bismark Border Guards batting - Pitching for Casper Ghosts : RHP Juan Contreras
|
Batting: RHB António Martínez
|
0-0: Swinging Strike 0-1: Ball 1-1: SINGLE (Groundball, 34D)
|
Batting: LHB Juan Viera
|
0-0: Foul Ball, location: 2F 0-1: Ball 1-1: Ball 2-1: Swinging Strike 2-2: Fly out, F5 (Popup, 5L)
|
Batting: LHB Manuel Pérez
|
0-0: Ball 1-0: Foul Ball, location: 2F 1-1: Swinging Strike 1-2: Strikes out swinging
|
Batting: RHB Jacob Hill
|
0-0: Ball 1-0: Ball 2-0: Ball 3-0: Called Strike 3-1: Fielders Choice at 2nd, 4-6 (Groundball, 4)
|
Bottom of the 5th over - 0 run(s), 1 hit(s), 0 error(s), 0 left on base; Casper 5 - Bismark 1 |
TOP OF THE 6TH |
Casper Ghosts batting - Pitching for Bismark Border Guards : LHP Bartolomeo Balsamo
|
Batting: RHB Hunter Plunket
|
0-0: Ball 1-0: Ball 2-0: Ball 3-0: Base on Balls
|
Batting: SHB Ricardo Arévalo
|
0-0: Called Strike 0-1: Foul Ball, location: 2F 0-2: Ball 1-2: Ball 2-2: Ball 3-2: Foul Ball, location: 2F 3-2: DOUBLE (Line Drive, 89XD) Hunter Plunket to third
|
Batting: RHB Júlio Sánchez
|
0-0: Ball 1-0: Ball 2-0: Called Strike 2-1: Foul Ball, location: 2F 2-2: Ball 3-2: Base on Balls
|
Batting: SHB Dave Henley
|
0-0: Ball 1-0: Foul Ball, location: 2F 1-1: Ball 2-1: Grounds into double play, 4-6-3 (Groundball, 4) Hunter Plunket scores Ricardo Arévalo to third
|
Batting: RHB Juan García
|
0-0: Foul Ball, location: 2F 0-1: Foul Ball, location: 2F 0-2: Ball 1-2: Ball 2-2: Ball 3-2: Foul Ball, location: 2F 3-2: Foul Ball, location: 2F 3-2: Strikes out swinging
|
Top of the 6th over - 1 run(s), 1 hit(s), 0 error(s), 1 left on base; Casper 6 - Bismark 1 |
BOTTOM OF THE 6TH |
Bismark Border Guards batting - Pitching for Casper Ghosts : RHP Juan Contreras
|
Pitching: LHP Luis Alemán
|
|
Batting: RHB Enrique Soto
|
0-0: Ball 1-0: Ball 2-0: Called Strike 2-1: Ball 3-1: Called Strike 3-2: Foul Ball, location: 2F 3-2: Foul Ball, location: 2F 3-2: Foul Ball, location: 2F 3-2: Base on Balls
|
Batting: SHB Vicente Pagán
|
0-0: Ball 1-0: Grounds into double play, 6-4-3 (Groundball, 56)
|
Batting: RHB José Vidal
|
0-0: Called Strike 0-1: Foul Ball, location: 2F 0-2: Strikes out swinging
|
Bottom of the 6th over - 0 run(s), 0 hit(s), 0 error(s), 0 left on base; Casper 6 - Bismark 1 |
TOP OF THE 7TH |
Casper Ghosts batting - Pitching for Bismark Border Guards : LHP Bartolomeo Balsamo
|
Batting: LHB Jeff Forsyth
|
0-0: Ball 1-0: Ball 2-0: Ball 3-0: Base on Balls
|
Batting: RHB Troy Reed
|
0-0: Ball 1-0: Foul Ball, location: 2F 1-1: Ball 2-1: Fly out, F4 (Line Drive, 4M)
|
Pitching: RHP Steve Benson
|
|
Batting: RHB Robert Acosta
|
0-0: Ball 1-0: Called Strike 1-1: Ball Wild Pitch! Jeff Forsyth to second 2-1: Ground out 4-3 (Groundball, 4) Jeff Forsyth to third
|
Batting: RHB Aurelio Cruz
|
0-0: Ball 1-0: Ball 2-0: Called Strike 2-1: SINGLE (Groundball, 4D) Jeff Forsyth scores
|
Batting: RHB Hunter Plunket
|
0-0: Called Strike 0-1: Ball 1-1: Fly out, F9 (Line Drive, 9S)
|
Top of the 7th over - 1 run(s), 1 hit(s), 0 error(s), 1 left on base; Casper 7 - Bismark 1 |
BOTTOM OF THE 7TH |
Bismark Border Guards batting - Pitching for Casper Ghosts : LHP Luis Alemán
|
Batting: LHB Norbert Mosley
|
0-0: Ball 1-0: Called Strike 1-1: Foul Ball, location: 2F 1-2: Fly out, F7 (Line Drive, 7)
|
Batting: LHB Darren Cook
|
0-0: Swinging Strike 0-1: Fly out, F4 (Line Drive, 4)
|
Batting: RHB António Martínez
|
0-0: Called Strike 0-1: Swinging Strike 0-2: Ball 1-2: Ball 2-2: Ball 3-2: Reached on error, E9 (Flyball, 9S)
|
Batting: LHB Juan Viera
|
0-0: Called Strike 0-1: Ball 1-1: Ball 2-1: Foul Ball, location: 2F 2-2: Ball 3-2: Base on Balls
|
Batting: LHB Manuel Pérez
|
0-0: Ball 1-0: Ball 2-0: Ball 3-0: Base on Balls António Martínez to third Juan Viera to second
|
Batting: RHB Jacob Hill
|
0-0: Swinging Strike 0-1: Ball 1-1: Foul Ball, location: 2F 1-2: Foul Ball, location: 2F 1-2: Ball 2-2: Foul Ball, location: 2F 2-2: Strikes out swinging
|
Bottom of the 7th over - 0 run(s), 0 hit(s), 1 error(s), 3 left on base; Casper 7 - Bismark 1 |
TOP OF THE 8TH |
Casper Ghosts batting - Pitching for Bismark Border Guards : RHP Steve Benson
|
Batting: SHB Ricardo Arévalo
|
0-0: Ball 1-0: Ball 2-0: Ball 3-0: Base on Balls
|
Batting: RHB Júlio Sánchez
|
0-0: Ball 1-0: SINGLE (Line Drive, 78S) Ricardo Arévalo to second
|
Batting: SHB Dave Henley
|
0-0: Ball 1-0: Ball 2-0: Called Strike 2-1: Fielders Choice at 2nd, 4-6 (Groundball, 4) Ricardo Arévalo to third
|
Batting: RHB Juan García
|
0-0: Ball 1-0: Ball 2-0: Called Strike 2-1: Foul Ball, location: 2F 2-2: Ball 3-2: Foul Ball, location: 2F 3-2: Strikes out swinging
|
Batting: LHB Jeff Forsyth
|
0-0: Ball 1-0: Called Strike 1-1: Foul Ball, location: 2F 1-2: Ball 2-2: Strikes out looking
|
Top of the 8th over - 0 run(s), 1 hit(s), 0 error(s), 2 left on base; Casper 7 - Bismark 1 |
BOTTOM OF THE 8TH |
Bismark Border Guards batting - Pitching for Casper Ghosts : LHP Luis Alemán
|
Batting: RHB Enrique Soto
|
0-0: Called Strike 0-1: Fly out, F7 (Flyball, 7LS)
|
Batting: SHB Vicente Pagán
|
0-0: Ball 1-0: Called Strike 1-1: Foul Ball, location: 2F 1-2: Strikes out swinging
|
Batting: RHB José Vidal
|
0-0: Ball 1-0: Ball 2-0: Ball 3-0: Called Strike 3-1: Foul Ball, location: 2F 3-2: Foul Ball, location: 2F 3-2: Foul Ball, location: 2F 3-2: Foul Ball, location: 2F 3-2: Foul Ball, location: 2F 3-2: Base on Balls
|
Batting: LHB Norbert Mosley
|
0-0: Ball 1-0: 2-RUN HOME RUN (Flyball, 9D), Distance : 380 ft
|
Pitching: RHP Willie Alexander
|
|
Batting: LHB Darren Cook
|
0-0: Called Strike 0-1: Ball 1-1: Foul Ball, location: 2F 1-2: Strikes out swinging
|
Bottom of the 8th over - 2 run(s), 1 hit(s), 0 error(s), 0 left on base; Casper 7 - Bismark 3 |
TOP OF THE 9TH |
Casper Ghosts batting - Pitching for Bismark Border Guards : RHP Steve Benson
|
Batting: RHB Troy Reed
|
0-0: Called Strike 0-1: SINGLE (Groundball, 34D)
|
Batting: RHB Robert Acosta
|
0-0: Sac Bunt - play at first, batter OUT! 1-3 Troy Reed to second
|
Batting: RHB Aurelio Cruz
|
0-0: Intentional Walk
|
Pitching: RHP Raúl Salsa
|
|
Batting: RHB Hunter Plunket
|
0-0: Fly out, F2 (Popup, 3S)
|
Batting: SHB Ricardo Arévalo
|
0-0: Foul Ball, location: 2F 0-1: Foul Ball, location: 2F 0-2: Ball 1-2: Ball 2-2: Ball 3-2: Base on Balls Troy Reed to third Aurelio Cruz to second
|
Batting: RHB Júlio Sánchez
|
0-0: Ball 1-0: Ball 2-0: SINGLE (Flyball, 9LM) Troy Reed scores Aurelio Cruz to third Ricardo Arévalo to second Runner from 3rd tries for Home, SAFE, no throw
|
Batting: SHB Dave Henley
|
0-0: Foul Ball, location: 2F 0-1: Hit by Pitch Ricardo Arévalo to third Júlio Sánchez to second
|
Batting: RHB Juan García
|
0-0: Foul Ball, location: 2F 0-1: Swinging Strike 0-2: Foul Ball, location: 2F 0-2: Foul Ball, location: 2F 0-2: Ground out 4-3 (Groundball, 4S)
|
Top of the 9th over - 2 run(s), 2 hit(s), 0 error(s), 3 left on base; Casper 9 - Bismark 3 |
BOTTOM OF THE 9TH |
Bismark Border Guards batting - Pitching for Casper Ghosts : RHP Willie Alexander
|
Batting: RHB António Martínez
|
0-0: Called Strike 0-1: Swinging Strike 0-2: Ball 1-2: Strikes out swinging
|
Batting: LHB Juan Viera
|
0-0: Called Strike 0-1: Foul Ball, location: 2F 0-2: Strikes out looking
|
Batting: LHB Manuel Pérez
|
0-0: SINGLE (Flyball, 8RS)
|
Batting: RHB Jacob Hill
|
0-0: Ball 1-0: Called Strike 1-1: Ball 2-1: Ball 3-1: Foul Ball, location: 2F 3-2: Base on Balls Manuel Pérez to second
|
Batting: RHB Enrique Soto
|
0-0: Called Strike 0-1: Ball 1-1: SINGLE (Groundball, 6MD) Manuel Pérez to third Jacob Hill to second Runner from 3rd tries for Home, SAFE, throw made at trailing runner, OUT at third!
|
Bottom of the 9th over - 1 run(s), 2 hit(s), 0 error(s), 1 left on base; Casper 9 - Bismark 4 |
|